MLB
PITTSBURGH PIRATES @ CHICAGO WHITE SOX
09/24/2098
 
TOP OF THE 1ST
Pittsburgh Pirates batting - Pitching for Chicago White Sox : RHP Garrett Bohannan
Pitching: RHP Garrett Bohannan
Batting: SHB Jamie Hoffman 0-0: Ball
1-0: Called Strike
1-1: Foul Ball, location: 25F
1-2: Ball
2-2: Fly out, F6 (Flyball, 56D, EV 82.5 MPH)
Batting: RHB Randy Wilson 0-0: Called Strike
0-1: Ball
1-1: Foul Ball, location: 2F
1-2: Ball
2-2: Ball
3-2: DOUBLE (Line Drive, 89D, EV 109.4 MPH)
Batting: RHB Zachary Gugliotta 0-0: Ball
1-0: Ball
2-0: Called Strike
2-1: DOUBLE (Flyball, 8LXD, EV 97.5 MPH)
Randy Wilson scores
Batting: LHB Phil Samsa 0-0: Ball
1-0: Ball
2-0: Swinging Strike
2-1: Ball
3-1: Base on Balls
Batting: RHB Nate D'Acquisto 0-0: Ball
1-0: Swinging Strike
1-1: Foul Ball, location: 2F
1-2: Strikes out swinging
Batting: RHB Carlos Flores 0-0: Ball
1-0: Foul Ball, location: 2F
1-1: Ball
2-1: Foul Ball, location: 5F
2-2: Foul Ball, location: 5FF
2-2: Strikes out swinging
Top of the 1st over - 1 run, 2 hits, 0 errors, 2 left on base; Pittsburgh 1 - Chicago 0
BOTTOM OF THE 1ST
Chicago White Sox batting - Pitching for Pittsburgh Pirates : RHP Russ Einhorn
Pitching: RHP Russ Einhorn
Batting: RHB Greg Bates 0-0: Swinging Strike
0-1: Foul Ball, location: 2F
0-2: SINGLE (Line Drive, 6M, EV 110.6 MPH)
Batting: RHB Joey Aimone 0-0: SINGLE (Line Drive, 89S, EV 103.8 MPH)
Greg Bates to second
Batting: LHB Dan Roos 0-0: Fly out, F7 (Flyball, 7D, EV 95.6 MPH)
Batting: LHB Josh Densmore 0-0: Swinging Strike
0-1: Ball
1-1: Called Strike
1-2: Ball
2-2: Foul Ball, location: 2F
2-2: SINGLE (Flyball, 5D, EV 90.6 MPH)
Greg Bates to third
Joey Aimone to second
Batting: RHB Luis Marquina 0-0: Called Strike
0-1: Ball
1-1: Swinging Strike
1-2: Foul Ball, location: 2F
1-2: Foul Ball, location: 2F
1-2: Ball
2-2: Hit by Pitch
Greg Bates scores
Joey Aimone to third
Josh Densmore to second
Batting: LHB Tim Eaton 0-0: Called Strike
0-1: Ball
1-1: DOUBLE (Groundball, 5L, EV 106.3 MPH)
Joey Aimone scores
Josh Densmore scores
Luis Marquina to third
Runner from 3rd tries for Home, SAFE, no throw by LF
Batting: RHB Cory Gilmore 0-0: Called Strike
0-1: Ball
1-1: Ground out 5-3 (Groundball, 56S, EV 83.8 MPH)
Batting: RHB Chris Hodges 0-0: DOUBLE (Line Drive, 78XD, EV 100.6 MPH)
Tim Eaton scores
Batting: RHB Vinny Figueroa 0-0: Ball
1-0: Fly out, F8 (Flyball, 8RM, EV 99.4 MPH)
Bottom of the 1st over - 5 runs, 5 hits, 0 errors, 1 left on base; Pittsburgh 1 - Chicago 5
TOP OF THE 2ND
Pittsburgh Pirates batting - Pitching for Chicago White Sox : RHP Garrett Bohannan
Batting: LHB Todd Schuller 0-0: Hit by Pitch
Batting: RHB Alex Velazquez 0-0: Called Strike
0-1: Foul Ball, location: 5F
0-2: Foul Ball, location: 2RF
0-2: Ball
1-2: Foul Ball, location: 2F
1-2: Strikes out swinging
Batting: RHB Verner Johannsen 0-0: Called Strike
0-1: Ball
1-1: Foul Ball, location: 2F
1-2: Ball
2-2: Strikes out swinging
Batting: SHB Jamie Hoffman 0-0: Ball
1-0: Ball
2-0: Foul Ball, location: 7LSF
2-1: Ball
3-1: Base on Balls
Todd Schuller to second
Batting: RHB Randy Wilson 0-0: Foul Ball, location: 5FF
0-1: Ball
1-1: Ball
2-1: Called Strike
2-2: Ground out 5-3 (Groundball, 56S, EV 81.3 MPH)
Top of the 2nd over - 0 runs, 0 hits, 0 errors, 2 left on base; Pittsburgh 1 - Chicago 5
BOTTOM OF THE 2ND
Chicago White Sox batting - Pitching for Pittsburgh Pirates : RHP Russ Einhorn
Batting: RHB Greg Bates 0-0: Called Strike
0-1: Called Strike
0-2: Ball
1-2: Ball
2-2: Ball
3-2: Foul Ball, location: 9LMF
3-2: Strikes out swinging
Batting: RHB Joey Aimone 0-0: Ball
1-0: Called Strike
1-1: Foul Ball, location: 9LSF
1-2: Strikes out swinging
Batting: LHB Dan Roos 0-0: Called Strike
0-1: Called Strike
0-2: Strikes out looking
Bottom of the 2nd over - 0 runs, 0 hits, 0 errors, 0 left on base; Pittsburgh 1 - Chicago 5
TOP OF THE 3RD
Pittsburgh Pirates batting - Pitching for Chicago White Sox : RHP Garrett Bohannan
Batting: RHB Zachary Gugliotta 0-0: Ball
1-0: Ball
2-0: Called Strike
2-1: Ball
3-1: Fly out, F7 (Flyball, 78S, EV 86.3 MPH)
Batting: LHB Phil Samsa 0-0: Ball
1-0: Ground out U3 (Groundball, 34, EV 88.1 MPH)
Batting: RHB Nate D'Acquisto 0-0: Ball
1-0: Ball
2-0: Swinging Strike
2-1: Called Strike
2-2: Foul Ball, location: 2F
2-2: Ball
3-2: Strikes out looking
Top of the 3rd over - 0 runs, 0 hits, 0 errors, 0 left on base; Pittsburgh 1 - Chicago 5
BOTTOM OF THE 3RD
Chicago White Sox batting - Pitching for Pittsburgh Pirates : RHP Russ Einhorn
Batting: LHB Josh Densmore 0-0: Ball
1-0: Foul Ball, location: 2F
1-1: Ball
2-1: Ball
3-1: Foul Ball, location: 9LSF
3-2: Base on Balls
Batting: RHB Luis Marquina 0-0: Called Strike
0-1: Ball
1-1: Ball
2-1: Grounds into double play, 1-6-3 (Groundball, 13, EV 68.8 MPH)
Batting: LHB Tim Eaton 0-0: Ball
1-0: Called Strike
1-1: Foul Ball, location: 2F
1-2: Ball
2-2: Foul Ball, location: 5SF
2-2: Strikes out swinging
Bottom of the 3rd over - 0 runs, 0 hits, 0 errors, 0 left on base; Pittsburgh 1 - Chicago 5
TOP OF THE 4TH
Pittsburgh Pirates batting - Pitching for Chicago White Sox : RHP Garrett Bohannan
Batting: RHB Carlos Flores 0-0: Called Strike
0-1: Foul Ball, location: 5FF
0-2: Strikes out looking
Batting: LHB Todd Schuller 0-0: Ball
1-0: Ball
2-0: Called Strike
2-1: Ground out 4-3 (Groundball, 4S, EV 91.9 MPH)
Batting: RHB Alex Velazquez 0-0: Called Strike
0-1: Ground out 5-3 (Groundball, 15, EV 83.1 MPH)
Top of the 4th over - 0 runs, 0 hits, 0 errors, 0 left on base; Pittsburgh 1 - Chicago 5
BOTTOM OF THE 4TH
Chicago White Sox batting - Pitching for Pittsburgh Pirates : RHP Russ Einhorn
Batting: RHB Cory Gilmore 0-0: Ball
1-0: Reached on error, E6 (Groundball, 6, EV 93.8 MPH)
Batting: RHB Chris Hodges 0-0: Ball
1-0: SINGLE (Flyball, 8LS, EV 93.1 MPH)
Cory Gilmore to second
Batting: RHB Vinny Figueroa 0-0: Ball
1-0: Ball
2-0: Foul Ball, location: 2F
2-1: Foul Ball, location: 5F
2-2: Strikes out swinging
Batting: RHB Greg Bates 0-0: Ball
1-0: Swinging Strike
1-1: Called Strike
1-2: Ball
2-2: Strikes out swinging
Batting: RHB Joey Aimone 0-0: Ball
1-0: Foul Ball, location: 2F
1-1: Ball
2-1: Foul Ball, location: 25FF
2-2: Foul Ball, location: 2F
2-2: Strikes out looking
Bottom of the 4th over - 0 runs, 1 hit, 1 error, 2 left on base; Pittsburgh 1 - Chicago 5
TOP OF THE 5TH
Pittsburgh Pirates batting - Pitching for Chicago White Sox : RHP Garrett Bohannan
Batting: RHB Verner Johannsen 0-0: Ball
1-0: Ball
2-0: SINGLE (Groundball, 34D, EV 103.8 MPH)
Batting: SHB Jamie Hoffman 0-0: Called Strike
0-1: SINGLE (Line Drive, 3D, EV 101.9 MPH)
Verner Johannsen to second
Batting: RHB Randy Wilson 0-0: Called Strike
0-1: Called Strike
0-2: Foul Ball, location: 25F
0-2: Strikes out looking
Batting: RHB Zachary Gugliotta 0-0: Foul Ball, location: 9LMF
0-1: Ball
1-1: Swinging Strike
1-2: Ball
2-2: Foul Ball, location: 25F
2-2: Foul Ball, location: 9LDF
2-2: Strikes out swinging
Pitching: LHP Jeffrey Baker
Batting: LHB Phil Samsa 0-0: Ball
1-0: Foul Ball, location: 25F
1-1: Ball
2-1: Ball
3-1: Fly out, F7 (Flyball, 78M, EV 89.4 MPH)
Top of the 5th over - 0 runs, 2 hits, 0 errors, 2 left on base; Pittsburgh 1 - Chicago 5
BOTTOM OF THE 5TH
Chicago White Sox batting - Pitching for Pittsburgh Pirates : RHP Russ Einhorn
Pitching: RHP Steve Obuch
Batting: LHB Dan Roos 0-0: Called Strike
0-1: Swinging Strike
0-2: Strikes out swinging
Batting: LHB Josh Densmore 0-0: Called Strike
0-1: Ball
1-1: Called Strike
1-2: Foul Ball, location: 2F
1-2: Ball
2-2: Foul Ball, location: 2F
2-2: Foul Ball, location: 2F
2-2: Foul Ball, location: 25F
2-2: DOUBLE (Flyball, 8RXD, EV 95.0 MPH)
Batting: RHB Luis Marquina 0-0: Swinging Strike
0-1: Called Strike
0-2: Strikes out swinging
Batting: LHB Tim Eaton 0-0: Called Strike
0-1: Called Strike
0-2: Strikes out swinging
Bottom of the 5th over - 0 runs, 1 hit, 0 errors, 1 left on base; Pittsburgh 1 - Chicago 5
TOP OF THE 6TH
Pittsburgh Pirates batting - Pitching for Chicago White Sox : LHP Jeffrey Baker
Batting: RHB Nate D'Acquisto 0-0: Foul Ball, location: 2F
0-1: Fly out, F3 (Popup, 3SF, EV 68.1 MPH)
Batting: RHB Carlos Flores 0-0: SINGLE (Flyball, 6D, EV 82.5 MPH)
Batting: LHB Todd Schuller 0-0: Foul Ball, location: 3SF
0-1: Ball
1-1: Ball
2-1: Foul Ball, location: 5F
2-2: Ball
3-2: Base on Balls
Carlos Flores to second
Batting: RHB Alex Velazquez 0-0: Grounds into double play, 6-4-3 (Groundball, 6, EV 97.5 MPH)
Top of the 6th over - 0 runs, 1 hit, 0 errors, 1 left on base; Pittsburgh 1 - Chicago 5
BOTTOM OF THE 6TH
Chicago White Sox batting - Pitching for Pittsburgh Pirates : RHP Steve Obuch
Pitching: RHP Emilio Rios
Batting: RHB Cory Gilmore 0-0: Ball
1-0: Called Strike
1-1: Ball
2-1: DOUBLE (Line Drive, 7LS, EV 106.9 MPH)
Batting: RHB Chris Hodges 0-0: Ball
1-0: Foul Ball, location: 5F
1-1: Ground out 6-3 (Groundball, 6, EV 84.4 MPH)
Batting: RHB Vinny Figueroa 0-0: Fly out, F9 (Flyball, 9, EV 93.8 MPH)
Batting: RHB Greg Bates 0-0: Swinging Strike
0-1: Called Strike
0-2: Ball
1-2: Ball
2-2: Ball
3-2: Strikes out swinging
Bottom of the 6th over - 0 runs, 1 hit, 0 errors, 1 left on base; Pittsburgh 1 - Chicago 5
TOP OF THE 7TH
Pittsburgh Pirates batting - Pitching for Chicago White Sox : LHP Jeffrey Baker
Batting: RHB Verner Johannsen 0-0: Called Strike
0-1: Ball
1-1: SINGLE (Line Drive, 6M, EV 95.0 MPH)
Batting: SHB Jamie Hoffman 0-0: Ball
1-0: Swinging Strike
Verner Johannsen is caught stealing 2nd base 2-4
1-1: Ball
2-1: Called Strike
2-2: Ball
3-2: Fly out, F8 (Flyball, 8LD, EV 106.9 MPH)
Batting: RHB Randy Wilson 0-0: Ball
1-0: Ball
2-0: Foul Ball, location: 2F
2-1: Ball
3-1: Called Strike
3-2: Base on Balls
Batting: RHB Zachary Gugliotta 0-0: Foul Ball, location: 9LDF
0-1: Foul Ball, location: 25F
0-2: Ball
1-2: Ball
2-2: Fly out, F7 (Flyball, 78M, EV 93.1 MPH)
Top of the 7th over - 0 runs, 1 hit, 0 errors, 1 left on base; Pittsburgh 1 - Chicago 5
BOTTOM OF THE 7TH
Chicago White Sox batting - Pitching for Pittsburgh Pirates : RHP Emilio Rios
Batting: RHB Joey Aimone 0-0: Called Strike
0-1: Fly out, F8 (Flyball, 8LD, EV 95.0 MPH)
Batting: LHB Dan Roos 0-0: Foul Ball, location: 7LDF
0-1: Called Strike
0-2: Strikes out looking
Batting: LHB Josh Densmore 0-0: Fly out, F8 (Flyball, 89D, EV 86.9 MPH)
Bottom of the 7th over - 0 runs, 0 hits, 0 errors, 0 left on base; Pittsburgh 1 - Chicago 5
TOP OF THE 8TH
Pittsburgh Pirates batting - Pitching for Chicago White Sox : LHP Jeffrey Baker
Pitching: RHP Josh Ambro
Batting: LHB Phil Samsa 0-0: Swinging Strike
0-1: Ball
1-1: Foul Ball, location: 2F
1-2: Ball
2-2: Fly out, F9 (Line Drive, 9D, EV 88.1 MPH)
Batting: RHB Nate D'Acquisto 0-0: Ball
1-0: Ball
2-0: Ball
3-0: Called Strike
3-1: Called Strike
3-2: Base on Balls
Batting: RHB Carlos Flores 0-0: Ball
1-0: Fly out, F7 (Flyball, 78S, EV 97.5 MPH)
Batting: LHB Todd Schuller 0-0: Ball
1-0: Ball
2-0: Ground out 6-3 (Groundball, P, EV 78.1 MPH)
Top of the 8th over - 0 runs, 0 hits, 0 errors, 1 left on base; Pittsburgh 1 - Chicago 5
BOTTOM OF THE 8TH
Chicago White Sox batting - Pitching for Pittsburgh Pirates : RHP Emilio Rios
Batting: RHB Luis Marquina 0-0: Swinging Strike
0-1: Ball
1-1: Ball
2-1: Ball
3-1: Base on Balls
Batting: LHB Tim Eaton 0-0: Called Strike
0-1: Foul Ball, location: 2F
0-2: Ball
1-2: Ball
2-2: Strikes out swinging
Batting: RHB Cory Gilmore 0-0: Fly out, F7 (Flyball, 78D, EV 93.1 MPH)
Batting: RHB Chris Hodges 0-0: Ball
1-0: Ball
2-0: Called Strike
2-1: Ball
3-1: Foul Ball, location: 2F
3-2: Strikes out swinging
Bottom of the 8th over - 0 runs, 0 hits, 0 errors, 1 left on base; Pittsburgh 1 - Chicago 5
TOP OF THE 9TH
Pittsburgh Pirates batting - Pitching for Chicago White Sox : RHP Josh Ambro
Batting: RHB Alex Velazquez 0-0: Ball
1-0: Ball
2-0: Ball
3-0: Base on Balls
Batting: RHB Verner Johannsen 0-0: Foul Ball, location: 9LMF
0-1: Ball
1-1: Called Strike
1-2: Ball
2-2: Foul Ball, location: 2F
2-2: Ball
3-2: Fly out, F9 (Flyball, 89M, EV 81.3 MPH)
Batting: SHB Jamie Hoffman 0-0: 2-RUN HOME RUN (Flyball, 9D, EV 97.5 MPH), Distance : 377 ft
Pitching: RHP Matthew Emerson
Batting: RHB Randy Wilson 0-0: Ball
1-0: Foul Ball, location: 7LDF
1-1: Ball
2-1: Foul Ball, location: 5SF
2-2: Strikes out swinging
Batting: RHB Zachary Gugliotta 0-0: Ball
1-0: Called Strike
1-1: Ball
2-1: Ball
3-1: Base on Balls
Batting: LHB Phil Samsa 0-0: Ball
1-0: Ground out U3 (Groundball, 3, EV 101.9 MPH)
Top of the 9th over - 2 runs, 1 hit, 0 errors, 1 left on base; Pittsburgh 3 - Chicago 5
Sunday, April 14th , 2024 - OOTP Baseball 24.11 Build 85